 Dungeon Crawl Stone Soup version 0.21-a0-127-g329daca (webtiles) character file.

245 Ordine the Magician (level 5, -1/28 HPs)
             Began as a Deep Elf Wizard on July 16, 2017.
             Slain by a worm (9 damage)
             ... on level 2 of the Dungeon.
             The game lasted 00:13:18 (3053 turns).

Ordine the Magician (Deep Elf Wizard)               Turns: 3053, Time: 00:13:18

Health: -1/28      AC:  3    Str:  4    XL:     5   Next: 83%
Magic:  6/14       EV: 13    Int: 24    God:
Gold:   189        SH:  0    Dex: 13    Spells: 3/14 levels left

rFire    . . .     SeeInvis .   q - +2 hand axe (elec)
rCold    . . .     Gourm    .   (no shield)
rNeg     + . .     Faith    .   a - +0 robe
rPois    .         Spirit   .   b - +1 hat
rElec    .         Reflect  .   (no cloak)
rCorr    .         Harm     .   (no gloves)
MR       .....                  (no boots)
Stlth    +++.......             (no amulet)
HPRegen  0.09/turn              o - ring of flight
MPRegen  0.14/turn              g - ring of positive energy

@: very slightly contaminated
A: no striking features
a: Evoke Flight


You were on level 2 of the Dungeon.
You were not hungry.

You visited 1 branch of the dungeon, and saw 3 of its levels.

You collected 189 gold pieces.

Inventory:

Hand Weapons
 q - a +2 hand axe of electrocution (weapon)
Armour
 a - a +0 robe (worn)
 b - a +1 hat (worn)
Jewellery
 g - a ring of positive energy (right hand)
 i - a cursed +4 ring of strength {unknown}
 j - an uncursed ring of protection from cold {unknown}
 n - an uncursed ring of protection from cold {unknown}
 o - a ring of flight (left hand)
Wands
 f - a wand of paralysis (15/24)
Potions
 e - a potion of curing
 h - a potion of haste
 l - a potion of agility
 m - 2 potions of might
Books
 c - a book of Minor Magic

   Spells                             Type                      Level
   a - Magic Dart                     Conjuration                  1
   b - Blink                          Translocation                2
   c - Call Imp                       Summoning                    2
   d - Slow                           Hexes                        2
   e - Conjure Flame                  Conjuration/Fire             3
   f - Mephitic Cloud                 Conjuration/Poison/Air       3
 p - a book of Callings

   Spells                             Type                      Level
   a - Summon Small Mammal            Summoning                    1
   b - Call Imp                       Summoning                    2
   c - Call Canine Familiar           Summoning                    3
   d - Summon Guardian Golem          Hexes/Summoning              3
   e - Summon Lightning Spire         Summoning/Air                4
   f - Summon Ice Beast               Ice/Summoning                4
Comestibles
 d - 2 bread rations


   Skills:
 - Level 3.0 Dodging
 + Level 4.1 Stealth
 + Level 5.2 Spellcasting
 + Level 2.5 Conjurations
 + Level 2.2 Summonings
 + Level 2.5 Translocations
 + Level 1.3 Fire Magic
 + Level 1.1 Air Magic
 + Level 1.0 Poison Magic


You had 3 spell levels left.
You knew the following spells:

 Your Spells              Type           Power        Failure   Level  Hunger
a - Magic Dart            Conj           ###.         3%          1    None
b - Blink                 Tloc           N/A          4%          2    None
c - Call Imp              Summ           ###.....     4%          2    None
d - Conjure Flame         Conj/Fire      ###.....     12%         3    ##.....
e - Mephitic Cloud        Conj/Pois/Air  ##......     13%         3    ##.....


Dungeon Overview and Level Annotations

Branches:
Dungeon (3/15)

Altars:
Gozag
Wu Jian


Message History

A worm comes into view.
There is a stone staircase leading down here.
A worm is nearby!
Casting: Magic Dart
Confirm with . or Enter, or press ? or * to list all spells.
A beastly little devil appears in a puff of flame.
The worm bites you!
Casting: Call Imp
Confirm with . or Enter, or press ? or * to list all spells.
You miscast Call Imp.
You are very lightly contaminated with residual magic.
Nothing appears to happen.
Your crimson imp hits the worm.
Casting: Call Imp
Confirm with . or Enter, or press ? or * to list all spells.
Nothing appears to happen.
The worm bites you!
* * * LOW HITPOINT WARNING * * *
Casting: Call Imp
Confirm with . or Enter, or press ? or * to list all spells.
Nothing appears to happen.
Your crimson imp hits the worm.
The worm bites you!
You die...

#.######### #.#.###.#[
#.........# #.#.###...
#########.###.#.......
#...........######..
#.#####.##### ##. #.#
#.# #. #.# #.# #.
####### #.# #. +..5w@#
#.# #. ####### #.# #.
#.# #.# #. #.# #.#
######. #.# #.#
#.....) ########.# #.#
#.##### #........# #.#
#<# # #.######## #.#
#.# ### ####.#### #.#
#.# #..


You could see a worm and a friendly crimson imp.

Vanquished Creatures
  A worker ant (D:3)
  7 adders
  A leopard gecko (D:3)
  3 orcs (D:3)
  3 giant cockroaches
  2 goblins (D:2)
  4 hobgoblins
  3 kobolds (D:1)
  2 quokkas
  2 bats
  A frilled lizard (D:2)
  3 rats
32 creatures vanquished.

Vanquished Creatures (collateral kills)
  An ogre (D:3)
  The ghost of Heofaku the Chopper, an amateur DsMo (D:3)
  An orc priest (D:3)
  An adder (D:3)
  2 worms (D:3)
  3 orcs (D:3)
  3 hobgoblins (D:3)
  A bat (D:3)
13 creatures vanquished.

Grand Total: 45 creatures vanquished

Notes
Turn   | Place    | Note
-------+----------+-------------------------------------------
     0 | D:1      | Ordine the Deep Elf Wizard began the quest for the Orb.
     0 | D:1      | Reached XP level 1. HP: 10/10 MP: 7/7
   648 | D:2      | Reached XP level 2. HP: 15/15 MP: 5/9
   657 | D:2      | Learned a level 2 spell: Blink
   782 | D:2      | Learned a level 2 spell: Call Imp
   806 | D:2      | Reached XP level 3. HP: 19/19 MP: 4/11
   811 | D:2      | Learned a level 3 spell: Conjure Flame
   815 | D:2      | Learned a level 3 spell: Mephitic Cloud
  1072 | D:2      | Found an opulent altar of Gozag.
  1778 | D:3      | Reached XP level 4. HP: 24/24 MP: 4/12
  1809 | D:3      | HP: 1/24 [orc priest/divine providence (14)]
  2066 | D:3      | Found an ornate altar of the Wu Jian Council.
  2123 | D:3      | Noticed an ogre
  2148 | D:3      | Killed an ogre
  2148 | D:3      | Reached skill level 5 in Spellcasting
  2148 | D:3      | Reached XP level 5. HP: 28/28 MP: 1/14
  2396 | D:3      | Reached skill level 1 in Fire Magic
  2495 | D:3      | Noticed Heofaku's ghost (amateur DsMo)
  2507 | D:3      | Killed Heofaku's ghost
  2507 | D:3      | Reached skill level 1 in Air Magic
  2786 | D:3      | Reached skill level 1 in Poison Magic
  2940 | D:3      | Found a faded altar of an unknown god.
  3053 | D:2      | Slain by a worm

Vault maps used:
D:1:      nicolae_arrival_somewhat_less_tricky_arrival, minmay_pentomino_t2
D:2:      lemuel_upstairs_altar, nicolae_overflow_crystal_walls,
          minmay_crystal_room
D:3:      marbit_many_paths, chequers_ecumenical_altar_twisty

Skill      XL: |  1  2  3  4  5 |
---------------+----------------+-----
Stealth        | 3 4 |  4.1
Dodging        | 3 |  3.0
Conjurations   | 2 |  2.5
Translocations | 2 |  2.5
Spellcasting   | 5 |  5.2
Summonings     | 2 |  2.2
Fire Magic     | 1 |  1.3
Air Magic      | 1 |  1.1
Poison Magic   | 1 |  1.0

Action                   |  1- 3 |  4- 6 || total
-------------------------+-------+-------++-------
Melee: Dagger            |       |     3 ||     3
       Hand axe          |       |     1 ||     1
 Cast: Magic Dart        |    53 |    48 ||   101
       Call Imp          |     6 |    25 ||    31
       Blink             |       |     1 ||     1
  Use: Scroll            |     4 |     8 ||    12
       Potion            |       |     2 ||     2
  Eat: Chunk             |     2 |     4 ||     6
Armor: Robe              |     2 |     5 ||     7
Dodge: Dodged            |     9 |    20 ||    29
